 Dungeon Crawl Stone Soup version 0.19.1 (webtiles) character file.

7816 lorenzova the Thaumaturge (level 11, 0/54 HPs)
             Began as a Deep Elf Conjurer on Nov 29, 2016.
             Was a Believer of Vehumet.
             Slain by a spiny frog (19 damage)
             ... on level 1 of the Lair of Beasts.
             The game lasted 00:34:59 (13702 turns).

lorenzova the Thaumaturge (Deep Elf Conjurer)      Turns: 13702, Time: 00:35:00

Health: 0/54       AC:  8    Str: 14    XL:     11   Next: 1%
Magic:  22/30      EV: 12    Int: 24    God:    Vehumet [**....]
Gold:   497        SH:  0    Dex: 12    Spells: 3 memorised, 27 levels left

rFire  . . .     SeeInvis +     P - +10 dagger of Crusades {venom, +Blink rElec Str+9 Dex-3}
rCold  . . .     Gourm    .     R - +0 troll leather armour
rNeg   + . .     Faith    .     (no shield)
rPois  .         Spirit   .     T - +1 helmet {SInv}
rElec  +         Reflect  .     v - +1 cloak
rCorr  .         Harm     .     (no gloves)
MR     +....                    (no boots)
Stlth  +++.......               (no amulet)
                                U - ring of stealth
                                e - ring of positive energy

@: no status effects
A: no striking features
a: Renounce Religion, Evoke Blink


You were on level 1 of the Lair of Beasts.
You worshipped Vehumet.
Vehumet was pleased with you.
You were hungry.

You visited 3 branches of the dungeon, and saw 11 of its levels.
You also visited: Ossuary.

You collected 750 gold pieces.
You spent 253 gold pieces at shops.

Inventory:

Hand Weapons
 r - a +1 flail of protection
 P - the +10 dagger of Crusades (weapon) {venom, +Blink rElec Str+9 Dex-3}
   (You found it on level 8 of the Dungeon)

   It poisons the flesh of those it strikes.
   It affects your strength (+9).
   It affects your dexterity (-3).
   It insulates you from electricity.
   It lets you blink.
Armour
 a - a +0 robe
 v - a +1 cloak (worn)
 K - a +0 robe
 R - a +0 troll leather armour (worn)
 T - a +1 helmet of see invisible (worn)
Jewellery
 e - a ring of positive energy (left hand)
 U - a ring of stealth (right hand)
Wands
 i - a wand of teleportation (1/9)
 o - a wand of digging (11/24)
 y - a wand of confusion (27/48)
 I - a wand of paralysis (13/24)
 J - a wand of iceblast (10/15)
 L - a wand of polymorph (18/24)
 N - a wand of acid (5/15)
 V - a wand of confusion (27/48)
Scrolls
 d - 3 scrolls of remove curse
 f - 9 scrolls of teleportation
 g - 2 scrolls of noise {unknown}
 j - 2 scrolls of acquirement {unknown}
 k - a scroll of magic mapping
 l - 2 scrolls of immolation
 m - 3 scrolls of blinking {unknown}
 n - 3 scrolls of enchant armour
 p - 2 scrolls of fog {unknown}
 q - a scroll of random uselessness {unknown}
 u - a scroll of amnesia {unknown}
 z - a scroll of enchant weapon {unknown}
 O - 2 scrolls of fear {unknown}
 S - a scroll of identify
Potions
 s - 8 potions of curing
 t - 2 potions of flight
 w - 3 potions of heal wounds
 x - a potion of brilliance
 A - 2 potions of magic
 B - 2 potions of haste
 C - 2 potions of mutation {unknown}
 D - a potion of berserk rage {unknown}
 E - a potion of resistance {unknown}
 F - a potion of lignification {unknown}
 G - a potion of cure mutation {unknown}
 M - a potion of agility
 Q - a potion of cancellation {unknown}
Books
 b - a book of Conjurations

   Spells                             Type                      Level
   a - Magic Dart                     Conjuration                  1
   b - Searing Ray                    Conjuration                  2
   c - Dazzling Spray                 Conjuration/Hexes            3
   d - Fulminant Prism                Conjuration/Hexes            4
   e - Iskenderun's Mystic Blast      Conjuration                  4
   f - Iskenderun's Battlesphere      Conjuration/Charms           5
Comestibles
 c - 12 bread rations
 h - 2 meat rations
 H - 6 beef jerkies


   Skills:
 + Level 0.1 Fighting
 + Level 0.2 Armour
 - Level 2.4 Dodging
 - Level 2.4 Stealth
 * Level 13.9 Spellcasting
 * Level 12.3 Conjurations
 - Level 10.2 Charms


You had 27 spell levels left.
You knew the following spells:

 Your Spells              Type           Power        Failure   Level  Hunger
a - Magic Dart            Conj           ####         1%          1    None
b - Iskenderun's Battles  Conj/Chrm      ######..     1%          5    ###....
c - Iskenderun's Mystic   Conj           ######..     1%          4    None


Dungeon Overview and Level Annotations

Branches:
Dungeon (9/15)             Temple (1/1) D:4            Lair (1/6) D:9
    Orc (0/2) D:9

Altars:
Ashenzari
Cheibriados
Dithmenos
Elyvilon
Fedhas
Gozag
Hepliaklqana
Kikubaaqudgha
Makhleb
Nemelex Xobeh
Okawaru
Qazlal
Ru
Sif Muna
Trog
Uskayaw
Vehumet
Xom
Yredelemnul
Zin
The Shining One

Shops:
D:4 ?   D:6 *   D:9 [(


Message History

Press: ? - help, Shift-Dir - straight line, f/p - spiny frog
Aim: a spiny frog (heavily wounded)
The magic dart hits the spiny frog.
The spiny frog is heavily wounded.
Your battlesphere fires!
The barrage of energy hits the spiny frog.
The spiny frog is heavily wounded.
The spiny frog stings you!!
Casting: Magic Dart
Confirm with . or Enter, or press ? or * to list all spells.
Aiming: Magic Dart
Press: ? - help, Shift-Dir - straight line, f/p - spiny frog
Aim: a spiny frog (heavily wounded)
The magic dart hits the spiny frog.
The spiny frog is heavily wounded.
Your battlesphere fires!
The barrage of energy hits the spiny frog.
The spiny frog is severely wounded.
The spiny frog stings you!!
You die...

##.#.##.#.## #.....<.
...........# #....#..
##........# #....##+
##.......## ##.......
#........## #......##
##........# ##.......
##.......## #.......
..........# #.....#.
.........@# #P.....#.
..........F...............
..........................
........................#.
..........*.............P+
...###.#######... .. ##
.## #


You could see a spiny frog and a friendly battlesphere.

Vanquished Creatures
  A troll (D:9)
  Prince Ribbit (D:6)
  2 hippogriffs (D:9)
  Sigmund (D:4)
  2 wyverns (D:9)
  4 yaks (D:9)
  Duvessa (D:7)
  A water moccasin (Lair:1)
  An orc warrior (D:9)
  2 black bears
  4 sky beasts
  13 ogres
  2 phantoms
  2 centaurs
  A big kobold (D:9)
  Blork the orc (D:5)
  7 bullfrogs
  7 scorpions
  A wyvern skeleton (D:8)
  Dowan (D:7)
  15 killer bees
  An electric eel (D:8)
  3 howler monkeys
  A centaur zombie (D:9)
  5 crimson imps
  A bullfrog zombie (D:8)
  7 orc priests
  Crazy Yiuf (D:7)
  4 hounds
  A centaur skeleton (D:4)
  5 jellies
  2 iguanas
  13 orc wizards
  8 worker ants
  Natasha (thrice) (D:4)
  A hound zombie (D:9)
  2 hound skeletons (D:4)
  8 mummies (Ossuary)
  8 gnolls
  2 howler monkey skeletons
  10 adders
  A shadow imp (D:9)
  3 worms (D:4)
  5 dart slugs
  4 leopard geckos
  50 orcs
  A ball python (D:5)
  5 bats
  4 giant cockroaches
  11 goblins
  10 hobgoblins
  3 jackals (D:4)
  A quokka (D:4)
  12 frilled lizards
  A gnoll zombie (Ossuary)
  3 hobgoblin zombies
  A jackal skeleton (D:9)
  11 kobolds
  4 kobold zombies (Ossuary)
  A leopard gecko skeleton (D:4)
  A leopard gecko zombie (D:5)
  An orc zombie (Ossuary)
  A quokka skeleton (D:5)
  A quokka zombie (D:9)
  11 rats
  A rat zombie (D:5)
303 creatures vanquished.

Notes
Turn   | Place    | Note
-------+----------+-------------------------------------------
     0 | D:1      | lorenzova the Deep Elf Conjurer began the quest for the Orb.
     0 | D:1      | Reached XP level 1. HP: 10/10 MP: 6/6
    17 | D:1      | Noticed a minotaur skeleton
    19 | D:1      | Noticed a minotaur skeleton
   234 | D:1      | Reached XP level 2. HP: 15/15 MP: 3/8
   562 | D:1      | Reached skill level 4 in Spellcasting
   777 | D:1      | Reached XP level 3. HP: 19/19 MP: 8/10
   879 | D:1      | Reached skill level 5 in Conjurations
  1393 | D:2      | Reached XP level 4. HP: 24/24 MP: 8/12
  1399 | D:2      | Learned a level 4 spell: Iskenderun's Mystic Blast
  1792 | D:3      | Reached skill level 5 in Spellcasting
  2106 | D:3      | Reached XP level 5. HP: 28/28 MP: 6/15
  2342 | D:3      | Found a blossoming altar of Fedhas.
  2342 | D:3      | Found a shattered altar of Ashenzari.
  2531 | D:2      | HP: 1/28 [poisoned by a worker ant]
  2549 | D:2      | Reached skill level 6 in Spellcasting
  3037 | D:4      | Reached XP level 6. HP: 32/32 MP: 5/17
  3044 | D:4      | Learned a level 5 spell: Iskenderun's Battlesphere
  3241 | D:4      | Found Nusihoarph's Magic Scroll Boutique.
  3248 | D:4      | Reached skill level 1 in Charms
  3249 | D:4      | Noticed Natasha
  3250 | D:4      | Killed Natasha
  3359 | D:4      | Bought a scroll of identify for 22 gold pieces
  3359 | D:4      | Bought a scroll of remove curse for 33 gold pieces
  3422 | D:4      | Noticed Natasha
  3453 | D:4      | Killed Natasha
  3453 | D:4      | Reached skill level 7 in Spellcasting
  3642 | D:4      | Found a basalt altar of Yredelemnul.
  3733 | D:4      | Reached XP level 7. HP: 36/36 MP: 11/19
  3851 | D:4      | Noticed Natasha
  3854 | D:4      | Killed Natasha
  3964 | D:4      | Found a staircase to the Ecumenical Temple.
  3974 | Temple   | Entered the Ecumenical Temple
  4312 | D:4      | Noticed Sigmund
  4439 | D:5      | Entered Level 5 of the Dungeon
  4534 | D:5      | Found a sand-covered staircase.
  4535 | D:5      | Noticed Prince Ribbit
  4683 | Ossuary  | Entered an ossuary
  4923 | Ossuary  | Reached skill level 8 in Spellcasting
  5513 | D:5      | Reached XP level 8. HP: 33/41 MP: 5/22
  6012 | D:5      | Noticed Blork the orc
  6015 | D:5      | Killed Blork the orc
  6156 | D:5      | Reached skill level 9 in Spellcasting
  6156 | D:5      | Reached skill level 5 in Charms
  6959 | D:4      | Killed Sigmund
  6959 | D:4      | Reached skill level 10 in Spellcasting
  7379 | D:5      | Reached XP level 9. HP: 29/45 MP: 17/25
  8073 | D:6      | Found Eluz's General Store.
  8147 | D:6      | Killed Prince Ribbit
  8149 | D:6      | Reached skill level 10 in Conjurations
  8393 | D:6      | Found a white marble altar of Elyvilon.
  8408 | D:6      | Found a radiant altar of Vehumet.
  8408 | D:6      | Found a burning altar of Makhleb.
  8416 | D:6      | Became a worshipper of Vehumet
  8764 | D:7      | Reached skill level 11 in Spellcasting
  9087 | D:7      | Noticed Duvessa
  9088 | D:7      | Noticed Dowan
  9090 | D:7      | Killed Dowan
  9093 | D:7      | Killed Duvessa
  9580 | D:7      | Reached * piety under Vehumet
  9580 | D:7      | Offered knowledge of Flame Tongue by Vehumet.
  9876 | D:7      | Found a runed door.
 10069 | D:7      | Noticed Crazy Yiuf
 10071 | D:7      | Killed Crazy Yiuf
 10071 | D:7      | Reached skill level 12 in Spellcasting
 10219 | D:8      | Reached XP level 10. HP: 50/50 MP: 11/28
 11344 | D:8      | Got a faintly glowing dagger
 11345 | D:8      | Identified the +10 dagger of Crusades {venom, +Blink rElec Str+9 Dex-3} (You found it on level 8 of the Dungeon)
 11431 | D:9      | Found Ynoc's Armour Shop.
 11537 | D:9      | Found a staircase to the Orcish Mines.
 11539 | D:9      | Found Gelyura's Weapon Shop.
 11699 | D:9      | Bought a +1 helmet of see invisible for 198 gold pieces
 11993 | D:9      | Found a shadowy altar of Dithmenos.
 12036 | D:9      | Reached ** piety under Vehumet
 12063 | D:9      | Found a staircase to the Lair.
 12085 | D:9      | Offered knowledge of Freeze by Vehumet.
 12085 | D:9      | Reached skill level 13 in Spellcasting
 12185 | D:9      | Found an ancient bone altar of Kikubaaqudgha.
 12689 | D:9      | Reached skill level 10 in Charms
 13456 | D:9      | Offered knowledge of Throw Flame by Vehumet.
 13557 | Lair:1   | Entered Level 1 of the Lair of Beasts
 13562 | Lair:1   | Reached XP level 11. HP: 54/54 MP: 25/30
 13702 | Lair:1   | Slain by a spiny frog

Skill      XL: |  1  2  3  4  5  6  7  8  9 10 |
---------------+-------------------------------+-----
Spellcasting   | 4 5 6 7 8 10 12 13 | 13.9
Conjurations   | 5 6 7 8 9 10 12 | 12.3
Charms         | 2 4 6 8 10 | 10.2
Fighting       | |  0.1
Armour         | |  0.2
Dodging        | |  2.4
Stealth        | |  2.4

Action                   |  1- 3 |  4- 6 |  7- 9 | 10-12 || total
-------------------------+-------+-------+-------+-------++-------
Melee: Flail             |       |     3 |     3 |       ||     6
 Cast: Magic Dart        |    66 |   129 |   318 |   127 ||   640
       Iskenderun's Myst |       |    16 |    47 |    27 ||    90
       Iskenderun's Batt |       |       |    22 |    30 ||    52
Evoke: Wand              |       |       |     1 |     1 ||     2
  Use: Potion            |       |     4 |       |       ||     4
       Scroll            |       |     4 |     5 |     5 ||    14
  Eat: Chunk             |     1 |     9 |    23 |    11 ||    44
       Pizza             |       |       |     1 |       ||     1
       Beef jerky        |       |       |       |     1 ||     1
Armor: Robe              |       |     1 |     5 |       ||     6
       Troll leather arm |       |       |       |     3 ||     3
Dodge: Dodged            |     5 |    33 |    41 |    16 ||    95
